[Event "November 21 Late 2023"]
[Site "https://www.chess.com"]
[Date "2023.11.21"]
[Round "4"]
[White "Hoffmann, Asa"]
[Black "Silva Lucena, Cristian"]
[Result "0-1"]
[Board "113"]
[TimeControl "180+1"]
[WhiteFideId "2001470"]
[BlackFideId "2232588"]
[WhiteElo "2117"]
[BlackElo "2248"]
[WhiteTeam "USA"]
[BlackTeam "ESP"]
[WhiteClock "0:00:24"]
[BlackClock "0:00:26"]

1. d4 Nf6 2. Bg5 d5 3. Nd2 e6 4. e3 Be7 5. Bd3 h6 6. Bh4 O-O 7. f4 c5 8. c3 b6 9. Ngf3 Ba6 10. Bxa6 Nxa6 11. O-O Nb8 12. Ne5 Nfd7 13. Bg3 f5 14. Ng6 Rf7 15. Nxe7+ Qxe7 16. Nf3 Nc6 17. Qa4 Rc8 18. Bh4 Qd6 19. Ne5 Ndxe5 20. fxe5 Qd7 21. Qd1 Na5 22. Qh5 Nc4 23. Qe2 Na5 24. h3 Qa4 25. b3 Qd7 26. g4 fxg4 27. Qxg4 Rcf8 28. e4 Rxf1+ 29. Rxf1 Rxf1+ 30. Kxf1 cxd4 31. cxd4 dxe4 32. Qxe4 Nc6 33. Bf2 Ne7 34. Kg2 Nd5 35. h4 Qf7 36. Bg3 g6 37. Qf3 Qf5 38. Qe2 Kg7 39. Qf3 Qc2+ 40. Qf2 Qxf2+ 41. Kxf2 g5 42. hxg5 hxg5 43. Kf3 Kg6 44. Be1 Kf5 45. Bd2 g4+ 46. Kg3 b5 47. b4 a6 48. a3 Nb6 49. Bc1 Nc4 50. Kf2 Ke4 51. Kg3 Kxd4 52. Kxg4 Kxe5 53. Kf3 Kd4 54. Ke2 Kc3 55. Kf3 Kb3 0-1

[Event "November 21 Late 2023"]
[Site "https://www.chess.com"]
[Date "2023.11.21"]
[Round "4"]
[White "patzersame"]
[Black "Ventura Bolet, Maxim"]
[Result "0-1"]
[Board "114"]
[TimeControl "180+1"]
[BlackFideId "22238824"]
[WhiteElo "2339"]
[BlackElo "2227"]
[BlackTeam "ESP"]
[WhiteClock "0:00:00"]
[BlackClock "0:00:23"]

1. e4 Nf6 2. e5 Nd5 3. c4 Nb6 4. d4 d6 5. exd6 cxd6 6. Nf3 g6 7. Nc3 Bg7 8. Be3 O-O 9. Qd2 Bg4 10. Bh6 Bxf3 11. Bxg7 Kxg7 12. gxf3 Nc6 13. O-O-O e5 14. dxe5 dxe5 15. Qe3 Qh4 16. b3 Rad8 17. Be2 Rxd1+ 18. Rxd1 Qxh2 19. c5 Nc8 20. Rd7 Qf4 21. Qxf4 exf4 22. Rxb7 h5 23. Ne4 Nd4 24. Bc4 Nxf3 25. b4 h4 26. Bd5 h3 27. Nc3 Ne5 28. Ne2 Rd8 29. Bh1 Nd3+ 30. Kc2 Nxf2 31. Bf3 g5 32. b5 h2 33. Bg2 h1=Q 34. Bxh1 Nxh1 35. a4 f3 36. Ng3 Nxg3 0-1

[Event "November 21 Late 2023"]
[Site "https://www.chess.com"]
[Date "2023.11.21"]
[Round "4"]
[White "Pourkashiyan, Atousa"]
[Black "Cooper, Aaron"]
[Result "0-1"]
[Board "115"]
[TimeControl "180+1"]
[WhiteFideId "12502014"]
[BlackFideId "2634945"]
[WhiteElo "2221"]
[BlackElo "2331"]
[WhiteTeam "USA"]
[BlackTeam "CAN"]
[WhiteClock "0:00:21"]
[BlackClock "0:01:00"]

1. e4 d5 2. exd5 Qxd5 3. Nc3 Qd6 4. d4 Nf6 5. Nf3 c6 6. Ne5 Nbd7 7. Bf4 Nxe5 8. Bxe5 Qb4 9. Rb1 Be6 10. Be2 Bxa2 11. Ra1 Bd5 12. O-O e6 13. Bxf6 gxf6 14. Nxd5 cxd5 15. c4 dxc4 16. Ra4 Qxb2 17. Bxc4 Bd6 18. Qd3 Qb6 19. Rb1 Qc7 20. Bb5+ Ke7 21. h3 a6 22. Bc4 b5 23. Qf3 bxa4 24. Rb7 Rac8 25. Bxa6 Qxb7 26. Qxb7+ Rc7 27. Qb5 Rc1+ 0-1

[Event "November 21 Late 2023"]
[Site "https://www.chess.com"]
[Date "2023.11.21"]
[Round "4"]
[White "BM223344"]
[Black "Luxama, Jacques Muller"]
[Result "1-0"]
[Board "116"]
[TimeControl "180+1"]
[BlackFideId "11900113"]
[WhiteElo "2490"]
[BlackElo "1931"]
[BlackTeam "HAI"]
[WhiteClock "0:00:13"]
[BlackClock "0:00:11"]

1. d4 Nf6 2. c4 e6 3. Nf3 d5 4. e3 dxc4 5. Bxc4 a6 6. a4 c5 7. O-O Nc6 8. Nc3 b6 9. d5 exd5 10. Nxd5 Nxd5 11. Bxd5 Bb7 12. Qb3 Qc7 13. e4 Na5 14. Qe3 O-O-O 15. b4 cxb4 16. Bb2 Bc5 17. Qg5 f6 18. Qg4+ Kb8 19. Rfe1 Bxd5 20. exd5 Rxd5 21. Qe4 Qd7 22. h3 h6 23. Nh4 Rd8 24. Nf3 Qf5 25. Qe2 Ka7 26. Rad1 Rxd1 27. Rxd1 Rxd1+ 28. Qxd1 Nc4 29. Qe2 Qb1+ 30. Kh2 Nxb2 31. Qe6 Qd3 32. Qf7+ Kb8 33. Qg8+ Kc7 34. Qxg7+ Qd7 35. Qxf6 Qxa4 36. Qxb2 Qd7 37. Qf6 a5 38. Qxh6 a4 39. g3 Qf7 40. Kg2 b3 41. Qd2 a3 42. Ne5 Qe6 43. f4 b2 44. Qc2 Qa2 45. Qh7+ Kd6 46. Qd7# 1-0

[Event "November 21 Late 2023"]
[Site "https://www.chess.com"]
[Date "2023.11.21"]
[Round "4"]
[White "Nikologorsky, Matfei"]
[Black "Modric, Nesa"]
[Result "1-0"]
[Board "117"]
[TimeControl "180+1"]
[WhiteFideId "24102474"]
[BlackFideId "922579"]
[WhiteElo "2153"]
[BlackElo "2167"]
[WhiteTeam "FID"]
[BlackTeam "SRB"]
[WhiteClock "0:00:11"]
[BlackClock "0:00:04"]

1. e4 d5 2. exd5 Qxd5 3. Nc3 Qa5 4. d4 c6 5. Nf3 Nf6 6. h3 Bf5 7. Ne5 e6 8. g4 Be4 9. f3 Bg6 10. h4 h5 11. Nxg6 fxg6 12. Bd3 Kf7 13. Qe2 Bb4 14. Bd2 Nbd7 15. a3 Rae8 16. g5 Nd5 17. Ne4 Bxd2+ 18. Qxd2 Qxd2+ 19. Kxd2 Ke7 20. Rae1 Nf4 21. Bc4 b6 22. Rh2 Kd8 23. Nd6 Re7 24. Bb3 Kc7 25. Nc4 Rhe8 26. Re4 Nd5 27. Rhe2 c5 28. dxc5 Nxc5 29. Re5 Nxb3+ 30. cxb3 Nf4 31. R2e4 Nd5 32. b4 b5 33. Ne3 Nxe3 34. Kxe3 Rd7 35. Rxb5 Rd1 36. Rc4+ Kd6 37. Rb7 a6 38. Rb6+ Ke7 39. Rxa6 Kf8 40. Rc7 Re1+ 41. Kf2 Rb1 42. Raa7 Rxb2+ 43. Kg3 Rb3 44. Rf7+ Kg8 45. Rxg7+ Kh8 46. Rxg6 Rxa3 47. Rh6+ Kg8 48. Rxh5 Rf8 49. Rh6 Rfxf3+ 50. Kg4 Rg3+ 51. Kh5 e5 52. Kg6 e4 53. Rd7 Kf8 54. Rh8# 1-0

[Event "November 21 Late 2023"]
[Site "https://www.chess.com"]
[Date "2023.11.21"]
[Round "4"]
[White "Ongut, Tamas Gunes"]
[Black "Silvestre, Christian"]
[Result "0-1"]
[Board "118"]
[TimeControl "180+1"]
[WhiteFideId "770280"]
[BlackFideId "30956269"]
[WhiteElo "2148"]
[BlackElo "2324"]
[WhiteTeam "HUN"]
[BlackTeam "USA"]
[WhiteClock "0:00:44"]
[BlackClock "0:00:24"]

1. g3 g6 2. Bg2 Bg7 3. c4 Nf6 4. Nc3 O-O 5. d4 d6 6. e4 Nc6 7. Nge2 e5 8. d5 Ne7 9. O-O Nd7 10. Be3 f5 11. f4 exf4 12. Nxf4 Ne5 13. Bd4 fxe4 14. Ne6 Bxe6 15. dxe6 Nf5 16. Bxe5 Bxe5 17. Qd5 Qe7 18. Qxb7 Rab8 19. Qxe4 Rxb2 20. Nd5 Qxe6 21. Nxc7 Bd4+ 22. Kh1 Qxe4 23. Bxe4 Re2 24. Bd5+ Kg7 25. Ne6+ Rxe6 26. Bxe6 Bxa1 27. Rxa1 Nd4 28. Bd5 Rf2 29. Rd1 Nf5 30. Be6 Ne3 31. Re1 Rf1+ 32. Rxf1 Nxf1 33. Kg1 Nd2 34. Kf2 Kf6 35. Ke3 Nf1+ 36. Kf2 Kxe6 37. Kxf1 Ke5 38. Ke2 Kd4 39. Kd2 Kxc4 40. Kc2 d5 41. h4 Kd4 42. Kd2 Ke4 43. g4 Kf4 44. g5 Kg4 45. Ke3 Kxh4 46. Kd4 Kxg5 47. Kxd5 h5 48. Ke4 h4 49. Kf3 Kf5 50. Kg2 g5 51. Kh3 Ke4 52. Kg4 Kd3 53. Kxg5 h3 54. Kh4 h2 55. Kh3 h1=Q+ 56. Kg3 Qa1 57. Kg4 Qxa2 58. Kf4 Qb2 59. Kf5 a5 60. Ke6 a4 61. Kd5 a3 62. Kc5 a2 63. Kc6 a1=Q 64. Kc5 Qaa3+ 65. Kc6 Qbc3+ 66. Kd7 Qa7+ 67. Ke8 Qc8# 0-1

[Event "November 21 Late 2023"]
[Site "https://www.chess.com"]
[Date "2023.11.21"]
[Round "4"]
[White "Rose, Felix"]
[Black "FuenfgegenWilly"]
[Result "0-1"]
[Board "119"]
[TimeControl "180+1"]
[WhiteFideId "5105722"]
[WhiteElo "2039"]
[BlackElo "2483"]
[WhiteTeam "MEX"]
[WhiteClock "0:00:00"]
[BlackClock "0:00:13"]

1. e4 Na6 2. d4 c6 3. Nc3 Nc7 4. d5 Nf6 5. Nf3 g6 6. a4 Bg7 7. Bc4 O-O 8. Ba2 d6 9. O-O c5 10. h3 a6 11. Bc4 Rb8 12. a5 b5 13. axb6 Rxb6 14. Re1 Nd7 15. Qd3 Ne5 16. Nxe5 Bxe5 17. b3 f5 18. Bh6 Rf7 19. Ra4 f4 20. f3 Bd7 21. Ra2 Qc8 22. Kh2 g5 23. Bxg5 Rg7 24. h4 Rg6 25. Ne2 Qf8 26. Qd2 h6 27. Bxf4 Qg7 28. g3 Rb8 29. Bxe5 Qxe5 30. Qf4 Qg7 31. g4 Rf8 32. Qe3 Kh7 33. h5 Rg5 34. Rg1 Ne8 35. Bxa6 Nf6 36. Rg3 Rg8 37. Qf2 Bxg4 38. fxg4 Nxg4+ 39. Rxg4 Rxg4 40. Qf5+ Kh8 41. Kh3 Rg3+ 0-1

[Event "November 21 Late 2023"]
[Site "https://www.chess.com"]
[Date "2023.11.21"]
[Round "4"]
[White "Jesseinkman"]
[Black "Vemparala, Nikash"]
[Result "1-0"]
[Board "120"]
[TimeControl "180+1"]
[BlackFideId "30960967"]
[WhiteElo "2481"]
[BlackElo "2069"]
[BlackTeam "USA"]
[WhiteClock "0:01:37"]
[BlackClock "0:00:07"]

1. d4 Nf6 2. Nf3 e6 3. e3 d5 4. b3 c5 5. Bb2 Nc6 6. Bd3 b6 7. O-O Bb7 8. Nbd2 Bd6 9. Ne5 O-O 10. f4 Nd7 11. Qh5 Nf6 12. Qh3 h6 13. a3 Ne7 14. g4 Ne4 15. Nxe4 dxe4 16. Bc4 a6 17. a4 Bd5 18. f5 exf5 19. gxf5 Bxe5 20. dxe5 Bxc4 21. bxc4 Qd7 22. e6 fxe6 23. fxe6 Qd2 24. Qg3 g6 25. Qe5 Qxe3+ 26. Kh1 Rxf1+ 27. Rxf1 Nf5 28. Qh8# 1-0

[Event "November 21 Late 2023"]
[Site "https://www.chess.com"]
[Date "2023.11.21"]
[Round "4"]
[White "Bazzano, Sebastian"]
[Black "Osmak, Yuliia"]
[Result "0-1"]
[Board "121"]
[TimeControl "180+1"]
[WhiteFideId "104566"]
[BlackFideId "14101602"]
[WhiteElo "2286"]
[BlackElo "2303"]
[WhiteTeam "ARG"]
[BlackTeam "UKR"]
[WhiteClock "0:00:31"]
[BlackClock "0:01:04"]

1. d4 d6 2. e4 Nf6 3. Nc3 c6 4. Bf4 Qa5 5. Qd2 e5 6. Be3 Be7 7. h3 O-O 8. Nf3 Nbd7 9. Be2 b5 10. Bd3 b4 11. Ne2 c5 12. dxe5 Nxe5 13. Nxe5 dxe5 14. Ng3 Rd8 15. Qe2 Bb7 16. Nf5 Qc7 17. Bg5 h6 18. Nxe7+ Qxe7 19. Bxf6 Qxf6 20. O-O Rd4 21. c3 Rd6 22. Bc4 Rad8 23. Rad1 Rxd1 24. Re1 R1d2 0-1

[Event "November 21 Late 2023"]
[Site "https://www.chess.com"]
[Date "2023.11.21"]
[Round "4"]
[White "Shton, Roman"]
[Black "Rodriguez Dominguez, Melissa"]
[Result "0-1"]
[Board "122"]
[TimeControl "180+1"]
[WhiteFideId "14137461"]
[BlackFideId "3517560"]
[WhiteElo "2027"]
[BlackElo "2012"]
[WhiteTeam "UKR"]
[BlackTeam "CUB"]
[WhiteClock "0:00:00"]
[BlackClock "0:00:06"]

1. d4 d5 2. Nf3 Nf6 3. g3 c5 4. Bg2 Nc6 5. O-O cxd4 6. b3 e5 7. Bb2 Bd6 8. e3 dxe3 9. fxe3 O-O 10. Nc3 Bc5 11. Qe2 Qb6 12. Rfe1 e4 13. Ng5 h6 14. Na4 Bxe3+ 15. Kh1 Qc7 16. Qxe3 hxg5 17. Qxg5 Ne8 18. Qxd5 Be6 19. Qxe4 Nd6 20. Qh4 Rae8 21. Rad1 Nf5 22. Qg5 f6 23. Qg6 Nce7 24. Qh5 Bf7 25. Qf3 b5 26. Nc3 b4 27. Ne4 Bd5 28. Nxf6+ gxf6 29. Rxd5 Qxc2 30. Qg4+ Ng7 31. Bd4 Nxd5 32. Bxd5+ Kh8 33. Qh4+ Qh7 34. Rxe8 Nxe8 35. Qf4 Ng7 36. Be4 f5 37. Bd5 Qh5 38. Qe5 Qd1+ 39. Kg2 Qd2+ 40. Kg1 Qg5 41. h4 Qc1+ 42. Kg2 Qh6 43. Bf3 Rc8 44. Kh3 Kg8 45. Bd5+ Kh8 46. Be6 Re8 0-1

[Event "November 21 Late 2023"]
[Site "https://www.chess.com"]
[Date "2023.11.21"]
[Round "4"]
[White "campochess"]
[Black "Rangel, Daniel"]
[Result "0-1"]
[Board "123"]
[TimeControl "180+1"]
[BlackFideId "2124475"]
[WhiteElo "2238"]
[BlackElo "2267"]
[BlackTeam "BRA"]
[WhiteClock "0:00:23"]
[BlackClock "0:01:05"]

1. e4 c5 2. Nc3 g6 3. g3 Bg7 4. Nge2 Nc6 5. d3 d6 6. Bg2 e5 7. O-O Be6 8. Nd5 Qd7 9. Re1 Nge7 10. Nec3 h5 11. h4 Nd4 12. Nxe7 Qxe7 13. Nd5 Qd7 14. c3 Nc6 15. Bd2 O-O 16. b4 cxb4 17. cxb4 Nd4 18. Bh6 Bg4 19. Qd2 Rac8 20. Bxg7 Kxg7 21. Ne3 Rc7 22. Nxg4 hxg4 23. Rac1 Rfc8 24. Rxc7 Rxc7 25. h5 Qe7 26. hxg6 Kxg6 27. f4 gxf3 28. Bh3 Rc2 29. Bf5+ Kh5 30. g4+ Kh4 31. Qh6+ Kg3 32. Kh1 Qh4+ 33. Qxh4+ Kxh4 34. a4 Kg3 35. Rg1+ Rg2 36. g5 Ne2 0-1

[Event "November 21 Late 2023"]
[Site "https://www.chess.com"]
[Date "2023.11.21"]
[Round "4"]
[White "Keleberda, Tymur"]
[Black "Quirke, Jeffrey"]
[Result "1-0"]
[Board "124"]
[TimeControl "180+1"]
[WhiteFideId "14174294"]
[BlackFideId "2013029"]
[WhiteElo "2198"]
[BlackElo "2236"]
[WhiteTeam "CAN"]
[BlackTeam "USA"]
[WhiteClock "0:00:07"]
[BlackClock "0:00:01"]

1. e4 e6 2. d4 d5 3. Nc3 Nf6 4. e5 Nfd7 5. f4 c5 6. Nf3 Nc6 7. Ne2 cxd4 8. Nexd4 Qb6 9. c3 a5 10. a4 Bc5 11. Be2 O-O 12. O-O f6 13. exf6 Nxf6 14. Kh1 Bd7 15. Bb5 Rae8 16. Be3 Ne4 17. Qd3 Qc7 18. Rac1 Bd6 19. Nd2 Nxd2 20. Qxd2 e5 21. fxe5 Nxe5 22. Bxd7 Qxd7 23. Nb5 Bb8 24. Bf4 Nc4 25. Qd4 Bxf4 26. Rxf4 Rxf4 27. Qxf4 Nxb2 28. Rf1 Nc4 29. h3 h6 30. Qg3 Re3 31. Qb8+ Kh7 32. Rf8 Rxh3+ 33. gxh3 Qxh3+ 34. Qh2 Qd3 35. Qh5 Ne3 36. Qf3 Qd1+ 37. Qxd1 Nxd1 38. Rb8 Nxc3 39. Nxc3 1-0

[Event "November 21 Late 2023"]
[Site "https://www.chess.com"]
[Date "2023.11.21"]
[Round "4"]
[White "Musalov, Ruslan"]
[Black "Bullen, Alex"]
[Result "1-0"]
[Board "125"]
[TimeControl "180+1"]
[WhiteFideId "4141490"]
[BlackFideId "1801627"]
[WhiteElo "2268"]
[BlackElo "2078"]
[WhiteTeam "RUS"]
[BlackTeam "WLS"]
[WhiteClock "0:02:12"]
[BlackClock "0:00:29"]

1. e4 c5 2. Nf3 e6 3. d4 cxd4 4. Nxd4 Nf6 5. Nc3 Nc6 6. Nxc6 bxc6 7. e5 Nd5 8. Ne4 Qc7 9. f4 Qb6 10. c4 Bb4+ 11. Ke2 Ba6 12. Kf3 Ne7 13. Be3 Qb8 14. a3 Ba5 15. Nd6+ Kf8 16. b4 Bc7 17. Bc5 Bb7 18. Nxb7 Qxb7 19. Qxd7 Re8 20. Bd6 c5+ 21. Kf2 Qe4 22. Bxc7 Qxf4+ 23. Ke1 Qe3+ 24. Be2 Qc3+ 25. Kf2 Nf5 26. Bd6+ Ne7 27. Rad1 g6 28. Bxc5 Qxe5 29. Bf3 Qb2+ 30. Rd2 Qc3 31. Rhd1 Qxc4 32. Qxe8+ 1-0

[Event "November 21 Late 2023"]
[Site "https://www.chess.com"]
[Date "2023.11.21"]
[Round "4"]
[White "Swicarz, Maciej"]
[Black "Vila Dupla, Aurelio"]
[Result "1-0"]
[Board "126"]
[TimeControl "180+1"]
[WhiteFideId "1113585"]
[BlackFideId "2203383"]
[WhiteElo "2127"]
[BlackElo "2009"]
[WhiteTeam "POL"]
[BlackTeam "ESP"]
[WhiteClock "0:00:31"]
[BlackClock "0:00:36"]

1. e4 c5 2. Nf3 d6 3. Bb5+ Nd7 4. O-O a6 5. Bd3 Ngf6 6. Re1 e6 7. c3 Be7 8. Bc2 O-O 9. d4 cxd4 10. cxd4 e5 11. Nc3 b5 12. a3 Bb7 13. h3 h6 14. b4 Rc8 15. Bb2 exd4 16. Nxd4 Ne5 17. Nf5 Nc4 18. Bc1 Nb6 19. Re3 Re8 20. Rg3 Rxc3 21. Rxg7+ Kh8 22. Qd2 Ng8 23. Qxc3 Bf6 24. Rxg8+ Kxg8 25. Qg3+ Bg5 26. h4 Bxe4 27. Bxe4 Rxe4 28. hxg5 Re1+ 29. Kh2 Kh7 30. gxh6 Qf6 31. Bb2 1-0

[Event "November 21 Late 2023"]
[Site "https://www.chess.com"]
[Date "2023.11.21"]
[Round "4"]
[White "Weisz, Bryan"]
[Black "Broca Jimenez, Fernando"]
[Result "1-0"]
[Board "127"]
[TimeControl "180+1"]
[WhiteFideId "30934133"]
[BlackFideId "5104742"]
[WhiteElo "2443"]
[BlackElo "2062"]
[WhiteTeam "USA"]
[BlackTeam "MEX"]
[WhiteClock "0:00:14"]
[BlackClock "0:00:22"]

1. f3 c5 2. Nh3 g6 3. Nf2 Bg7 4. g3 Nc6 5. Bg2 d5 6. O-O e5 7. e4 Nf6 8. d3 h6 9. Nc3 O-O 10. f4 d4 11. Ne2 Ng4 12. Nxg4 Bxg4 13. h3 Bxe2 14. Qxe2 exf4 15. gxf4 Qe7 16. f5 gxf5 17. Rxf5 Rae8 18. Qh5 Qe6 19. h4 b6 20. Bd2 Ne7 21. Rf3 Qg6 22. Qxg6 fxg6 23. Raf1 Rxf3 24. Rxf3 Rf8 25. Rg3 Kh7 26. Bh3 Be5 27. Rg2 Kg7 28. Be6 Bf4 29. Be1 Be3+ 30. Kh2 Nc6 31. Bg3 Bf4 32. h5 g5 33. Bf5 Bxg3+ 34. Kxg3 Ne5 35. c3 Nxd3 36. cxd4 cxd4 37. Rd2 Nc5 38. Rxd4 Rf7 39. b4 Na6 40. Kg4 Re7 41. a4 Kf7 42. a5 bxa5 43. bxa5 Nc7 44. Rd6 Ne6 45. e5 Nf4 46. Rxh6 Rxe5 47. Rh7+ Kf6 48. Rh6+ Kf7 49. Kxg5 Nd5 50. Rh7+ Kg8 51. Rxa7 Ne3 52. Kg6 Kf8 53. Ra8+ Ke7 54. Bd3 Nd5 55. Ra7+ Kd6 56. Rf7 Ne7+ 57. Kg7 Rd5 58. Bg6 Rg5 59. Rf6+ Kd7 60. h6 Rg1 61. h7 Rh1 62. h8=Q Rxh8 63. Kxh8 Nxg6+ 64. Rxg6 Kc7 65. a6 Kb8 66. Kg7 Ka7 67. Kf7 Ka8 68. Ke7 Ka7 69. Kd7 Ka8 70. Kc7 Ka7 71. Rb6 Ka8 72. Rb1 Ka7 73. Kc6 Ka8 74. Kb6 Kb8 75. Rh1 Ka8 76. Rh8# 1-0

[Event "November 21 Late 2023"]
[Site "https://www.chess.com"]
[Date "2023.11.21"]
[Round "4"]
[White "Curtis, John"]
[Black "Novikova, Galina"]
[Result "0-1"]
[Board "128"]
[TimeControl "180+1"]
[WhiteFideId "3200256"]
[BlackFideId "4157095"]
[WhiteElo "2203"]
[BlackElo "1972"]
[WhiteTeam "AUS"]
[BlackTeam "RUS"]
[WhiteClock "0:00:16"]
[BlackClock "0:00:42"]

1. e4 e6 2. d4 d5 3. Nc3 Bb4 4. exd5 exd5 5. Bd3 Nf6 6. Ne2 Bg4 7. f3 Bh5 8. O-O O-O 9. Nf4 Bg6 10. Nce2 c6 11. c3 Bd6 12. Nxg6 hxg6 13. Bf4 Bxf4 14. Nxf4 Qd6 15. Qd2 Nbd7 16. Rfe1 Rfe8 17. g3 a6 18. Kf2 c5 19. Bf1 cxd4 20. Qxd4 Ne5 21. Rad1 Rad8 22. h4 b5 23. a3 Re7 24. Nd3 Rde8 25. Nxe5 Rxe5 26. Rxe5 Rxe5 27. Re1 Rxe1 28. Kxe1 Qxg3+ 29. Qf2 Qe5+ 30. Kd1 Qf4 31. Be2 Ng4 32. Qc5 Ne3+ 33. Ke1 Qxh4+ 34. Kd2 Nc4+ 35. Bxc4 dxc4 36. Qc8+ Kh7 37. Ke3 Qe7+ 38. Kf2 Qe6 39. Qxe6 fxe6 40. Ke3 Kg8 41. a4 Kf7 42. a5 e5 43. Ke4 Ke6 44. Ke3 Kf5 45. Kf2 Kf4 46. Ke2 g5 47. Kf2 g4 48. fxg4 Kxg4 49. Ke3 Kf5 50. Kf3 e4+ 51. Ke3 Ke5 52. Kf2 Kf4 53. Ke2 e3 54. Kf1 Kf3 55. Ke1 e2 56. Kd2 Kf2 57. b4 e1=Q+ 58. Kc2 Qe2+ 59. Kb1 Qd1+ 60. Kb2 Qb3+ 61. Kc1 Qxc3+ 62. Kb1 Qxb4+ 63. Ka2 Qxa5+ 64. Kb2 Qb4+ 65. Kc2 Qb3+ 66. Kd2 Qd3+ 67. Kc1 Qe3+ 68. Kb2 g5 69. Ka2 g4 70. Kb2 g3 71. Ka2 g2 72. Kb2 0-1

[Event "November 21 Late 2023"]
[Site "https://www.chess.com"]
[Date "2023.11.21"]
[Round "4"]
[White "zano2023"]
[Black "YouShallNotPass001"]
[Result "1/2-1/2"]
[Board "129"]
[TimeControl "180+1"]
[WhiteElo "2199"]
[BlackElo "2441"]
[WhiteClock "0:00:14"]
[BlackClock "0:00:08"]

1. d4 Nf6 2. Nd2 e6 3. Ngf3 c5 4. e3 b6 5. Bd3 cxd4 6. exd4 Bb7 7. Qe2 Be7 8. O-O O-O 9. Re1 d6 10. Nf1 a6 11. Ng3 Nbd7 12. c3 Re8 13. h3 Qc7 14. Ng5 b5 15. Nh5 Nf8 16. Nxf6+ Bxf6 17. Ne4 Bxe4 18. Qxe4 d5 19. Qf3 b4 20. Bf4 Qb6 21. Be5 Bxe5 22. dxe5 bxc3 23. bxc3 Rec8 24. Rac1 Rc5 25. h4 Rac8 26. h5 Nd7 27. h6 g6 28. Rb1 Qa7 29. Rb3 Rxc3 30. Reb1 Rxb3 31. Rxb3 Rc1+ 32. Kh2 Qc7 33. Qe3 Nxe5 34. Qb6 Nf3+ 35. Kh3 Rh1+ 36. Kg4 f5+ 37. Kxf3 Qxb6 38. Rxb6 Kf7 39. Rb7+ Kf6 40. Rxh7 e5 41. Ke2 e4 42. Bxa6 d4 43. a4 Ra1 44. Bb5 Ra2+ 45. Ke1 Ra1+ 46. Ke2 Ra2+ 47. Ke1 Ra1+ 48. Ke2 1/2-1/2

[Event "November 21 Late 2023"]
[Site "https://www.chess.com"]
[Date "2023.11.21"]
[Round "4"]
[White "Elbebiber"]
[Black "Reprintsev, Alexander"]
[Result "0-1"]
[Board "130"]
[TimeControl "180+1"]
[BlackFideId "14100541"]
[WhiteElo "2190"]
[BlackElo "2229"]
[BlackTeam "UKR"]
[WhiteClock "0:00:00"]
[BlackClock "0:00:02"]

1. d4 d5 2. Bg5 Nc6 3. Nf3 f6 4. Bf4 Bg4 5. h3 Bxf3 6. exf3 e5 7. Be3 exd4 8. Bxd4 Nxd4 9. Qxd4 Qe7+ 10. Qe3 O-O-O 11. Qxe7 Nxe7 12. Nd2 Nc6 13. O-O-O Bc5 14. Bb5 Nd4 15. Bd3 g6 16. Rde1 Rhe8 17. Kd1 c6 18. Rxe8 Rxe8 19. Re1 Rd8 20. Nf1 a6 21. Ne3 Nb5 22. Re2 Nd6 23. Ng4 Rf8 24. a3 Kd7 25. Ke1 b5 26. Kd1 Bb6 27. Ne3 Nc4 28. b3 Nb2+ 29. Kd2 Nxd3 30. Kxd3 Kd6 31. Nd1 f5 32. Nc3 a5 33. Nd1 h5 34. Nc3 g5 35. Nd1 Bc7 36. Ne3 Kd7 37. Nd1 Bd6 38. a4 bxa4 39. bxa4 Rb8 40. Nc3 Rb4 41. Re1 Rc4 42. Ra1 Bb4 43. Ne2 Bc5 0-1

[Event "November 21 Late 2023"]
[Site "https://www.chess.com"]
[Date "2023.11.21"]
[Round "4"]
[White "Bogaudinov, Rushan"]
[Black "Feliz Dotel, Dewar Bienvenido"]
[Result "1/2-1/2"]
[Board "131"]
[TimeControl "180+1"]
[WhiteFideId "4129288"]
[BlackFideId "6402801"]
[WhiteElo "1908"]
[BlackElo "2069"]
[WhiteTeam "RUS"]
[BlackTeam "DOM"]
[WhiteClock "0:00:36"]
[BlackClock "0:00:37"]

1. d4 d5 2. c4 e6 3. Nc3 c5 4. e3 Nf6 5. Nf3 Nc6 6. Be2 dxc4 7. Bxc4 a6 8. a4 cxd4 9. Nxd4 Nxd4 10. exd4 Be7 11. O-O O-O 12. a5 Bd7 13. d5 exd5 14. Nxd5 Nxd5 15. Bxd5 Qc8 16. Be3 Bc6 17. Bxc6 Qxc6 18. Bb6 Bf6 19. Rc1 Qb5 20. b3 h6 21. Rc5 Qb4 22. Qd5 Bd8 23. Bc7 Bxc7 24. Rxc7 Rad8 25. Qxb7 Qxa5 26. Rc6 Rb8 27. Qxa6 Qxa6 28. Rxa6 Rxb3 29. g3 Rf3 30. Kg2 Rf5 31. Re1 g6 32. Re2 Kg7 33. h3 Rc8 34. Ra4 Rcc5 35. Rae4 Rf6 36. Re8 Rcf5 37. Rc8 g5 38. Rb2 Rf3 39. Rcc2 R3f5 40. Rd2 Rf3 41. Rd4 R3f5 42. Rd3 Re5 43. Rbd2 Ree6 44. Rc2 Rd6 45. Rdc3 Rde6 46. g4 Re4 47. Kg3 Ref4 48. Re3 Rd4 49. f3 Rdd6 50. h4 Rfe6 51. Rec3 Rd5 52. h5 Rf6 53. Rf2 Rd4 54. Re3 Rdf4 55. Re5 Rc4 56. Re3 Rcf4 57. Ra2 Rc4 58. Rb2 Rcf4 59. Rc2 Rd4 60. Rcc3 Rdf4 61. Re5 Rd4 62. Rec5 Rdf4 63. R5c4 Rxc4 64. Rxc4 Rd6 65. Kf2 Rd2+ 66. Ke3 Rd1 67. Rc3 Re1+ 68. Kf2 Re6 69. Rc5 Re7 70. f4 gxf4 71. Kf3 Re1 72. Kxf4 Rf1+ 73. Kg3 Rg1+ 74. Kf3 Rf1+ 75. Kg2 Rf4 76. Kg3 Rf1 77. Rc4 Rg1+ 78. Kf4 Rf1+ 79. Ke5 Re1+ 80. Kf5 Rf1+ 81. Ke5 Re1+ 82. Kd5 Rd1+ 83. Ke4 Re1+ 84. Kf3 Rf1+ 85. Ke2 Rg1 86. Rf4 Ra1 87. Kf3 Rf1+ 88. Kg3 Rg1+ 89. Kf2 Ra1 90. Rf5 Rb1 91. g5 hxg5 92. Rxg5+ Kh6 93. Rf5 Rb7 94. Kg3 Rb3+ 95. Kg2 Rb2+ 96. Kf3 Rb1 97. Kg2 Rb2+ 98. Kg3 Rb3+ 99. Kg4 Rb4+ 100. Kg3 Rb3+ 1/2-1/2

[Event "November 21 Late 2023"]
[Site "https://www.chess.com"]
[Date "2023.11.21"]
[Round "4"]
[White "seasidesunset"]
[Black "Batsiashvili, Nino"]
[Result "1-0"]
[Board "132"]
[TimeControl "180+1"]
[BlackFideId "13602993"]
[WhiteElo "2179"]
[BlackElo "2233"]
[BlackTeam "GEO"]
[WhiteClock "0:00:09"]
[BlackClock "0:01:11"]

1. e4 e5 2. Nf3 Nc6 3. Bb5 Nge7 4. O-O a6 5. Ba4 d6 6. d3 Ng6 7. c3 Be7 8. d4 Bd7 9. Be3 O-O 10. Nbd2 f5 11. exf5 Rxf5 12. Qc2 b5 13. Bb3+ Kh8 14. Bd5 Qf8 15. Qe4 exd4 16. cxd4 Rxd5 17. Qxd5 Nb4 18. Qb3 a5 19. a3 Na6 20. d5 Nf4 21. Bxf4 Qxf4 22. Qe3 Qxe3 23. fxe3 Nc5 24. Nd4 a4 25. Rf7 Re8 26. Raf1 Kg8 27. Nc6 Bg5 28. Nb1 Bxe3+ 29. Kh1 Bd4 30. Ne7+ Rxe7 31. Rf8# 1-0

[Event "November 21 Late 2023"]
[Site "https://www.chess.com"]
[Date "2023.11.21"]
[Round "4"]
[White "szachmistrz2500"]
[Black "Fernandez Hernandez, Gerardo"]
[Result "1-0"]
[Board "133"]
[TimeControl "180+1"]
[BlackFideId "2207400"]
[WhiteElo "2430"]
[BlackElo "2140"]
[BlackTeam "ESP"]
[WhiteClock "0:00:19"]
[BlackClock "0:00:00"]

1. Nf3 Nf6 2. g3 g6 3. Bg2 Bg7 4. d3 O-O 5. e4 d6 6. O-O b6 7. Re1 Bb7 8. Nbd2 e5 9. a4 a6 10. c3 Nbd7 11. d4 Re8 12. d5 a5 13. b4 Rf8 14. Nc4 Ba6 15. Bf1 Nh5 16. bxa5 Bxc4 17. Bxc4 Rxa5 18. Ba3 Nc5 19. Bb4 Ra7 20. a5 bxa5 21. Bxc5 dxc5 22. Ra2 Qd6 23. Qe2 Rb8 24. Bb5 Nf6 25. Bc6 Nd7 26. Rea1 Nb6 27. Rxa5 Rxa5 28. Rxa5 h6 29. h4 f5 30. h5 fxe4 31. Qxe4 gxh5 32. Nh4 Rf8 33. Ra2 Qf6 34. Kg2 Rf7 35. Nf3 Nc8 36. Ra8 Rf8 37. Bd7 Nd6 38. Rxf8+ Kxf8 39. Qh7 Ke7 40. Be6 e4 41. Nh4 Qxc3 42. Qg8 Qf6 43. Qb8 Ne8 44. Qc8 1-0

[Event "November 21 Late 2023"]
[Site "https://www.chess.com"]
[Date "2023.11.21"]
[Round "4"]
[White "Pace, Christopher"]
[Black "Sailer, Mike"]
[Result "1-0"]
[Board "134"]
[TimeControl "180+1"]
[WhiteFideId "2610167"]
[BlackFideId "2012901"]
[WhiteElo "2427"]
[BlackElo "2109"]
[WhiteTeam "CAN"]
[BlackTeam "USA"]
[WhiteClock "0:01:06"]
[BlackClock "0:00:14"]

1. e4 g6 2. d4 Bg7 3. Nf3 c6 4. c4 d6 5. h3 Nf6 6. Nc3 Qc7 7. Bd3 Nbd7 8. O-O O-O 9. a4 a5 10. Re1 e5 11. Be3 Re8 12. Rc1 exd4 13. Bxd4 Ne5 14. Nxe5 dxe5 15. Be3 Be6 16. Nd5 cxd5 17. cxd5 Qd8 18. dxe6 Rxe6 19. Qb3 Rd6 20. Bc4 Nxe4 21. Qxb7 Rd7 22. Qxe4 Kh8 23. Bb6 Qb8 24. Bb5 f5 25. Qxa8 Qxa8 26. Bxd7 Qb7 27. Rc8+ Bf8 28. Rxf8+ Kg7 29. Re8 Qxd7 30. R8xe5 Qxa4 31. Bxa5 1-0